 Dungeon Crawl Stone Soup version 0.29.1-14-g9c671dbff4 (webtiles) character file.

Game seed: 5877924369239530927

1202 Descartes the Digger (level 8, 0/47 HPs)
             Began as a Gargoyle Earth Elementalist on Feb 14, 2023.
             Was an Initiate of Gozag.
             Slain by an ice beast (4 damage)
             ... on level 5 of the Dungeon.
             The game lasted 00:17:56 (6418 turns).

Descartes the Digger (Gargoyle Earth Elementalist)  Turns: 6418, Time: 00:17:57

Health: 0/47       AC:  9    Str: 11    XL:     8   Next: 44%
Magic:  11/13      EV: 12    Int: 19    God:    Gozag
Gold:   490        SH:  0    Dex: 16    Spells: 4/14 levels left

rFire   + . .      SeeInvis .   y - +6 dagger "Murmur" {vorpal, rF+ rC+ Stlth+}
rCold   + . .      Faith    .   (no shield)
rNeg    + . .      Spirit   .   q - +0 animal skin
rPois   ∞          Reflect  .   j - +1 helmet
rElec   +          Harm     .   v - scarf {shadows}
rCorr   .          Rampage  .   (no gloves)
Will    .....                   (no boots)
Stlth   +++.......              (no amulet)
HPRegen 0.15/turn               s - +6 ring of dexterity
MPRegen 0.13/turn               (no ring)

@: no status effects
A: sickness immunity, AC +5, negative energy resistance 1, electricity
resistance, torment resistance 1, petrification resistance
a: Renounce Religion, Potion Petition, Call Merchant, Bribe Branch


You were on level 5 of the Dungeon.
You worshipped Gozag.
Gozag was aware of your devotion.
You visited 2 branches of the dungeon, and saw 7 of its levels.
You also visited: Sewer.

You collected 574 gold pieces.
You paid 84 gold pieces to Gozag.

Inventory:

Hand Weapons
 b - a +0 sling
 p - a +0 dagger of draining
 y - the +6 dagger "Murmur" (weapon) {vorpal, rF+ rC+ Stlth+}
   (You found it on level 3 of the Dungeon)

   It inflicts extra damage upon your enemies.
   rF:        It protects you from fire.
   rC:        It protects you from cold.
   Stlth:     It makes you more stealthy.
 G - a +2 falchion of electrocution
Missiles
 a - a boomerang
 l - 17 poisoned darts
 E - 4 javelins
Armour
 e - a +0 robe
 j - a +1 helmet (worn)
 n - a scarf of invisibility
 q - a +0 animal skin (worn)
 v - a scarf of shadows (worn)
 A - a +0 tower shield
Jewellery
 s - a +6 ring of dexterity (left hand)
Wands
 r - a wand of polymorph (2)
Scrolls
 c - 2 scrolls of fog
 d - 2 scrolls of enchant weapon
 g - 2 scrolls of blinking
 i - a scroll of identify
 m - 2 scrolls of vulnerability
 o - 4 scrolls of teleportation
 B - a scroll of poison
 C - 2 scrolls of fear {unknown}
 D - 2 scrolls of torment
Potions
 f - 2 potions of magic
 h - 2 potions of resistance {unknown}
 k - 2 potions of curing {unknown}
 t - a potion of ambrosia {unknown}
 u - 3 potions of heal wounds {unknown}
 w - a potion of brilliance {unknown}
 x - 3 potions of might {unknown}
 z - 2 potions of attraction {unknown}
 F - 3 potions of invisibility {unknown}
 H - a potion of berserk rage {unknown}


   Skills:
 + Level 3.6 Fighting
 - Level 1.5 Dodging
 - Level 3.0 Stealth
 + Level 2.2 Shields
 + Level 3.8 Spellcasting
 + Level 3.9 Conjurations
 + Level 3.0 Transmutations
 * Level 7.3 Earth Magic
 + Level 1.7 Evocations


You had 4 spell levels left.
You knew the following spells:

 Your Spells              Type           Power      Damage    Failure   Level
a - Sandblast             Erth           62%        2d14      1%          1
b - Stone Arrow           Conj/Erth      50%        3d10      4%          3
c - Passwall              Tmut/Erth      19%        N/A       2%          2
d - Petrify               Tmut/Erth      23%        N/A       17%         4

Your spell library contained the following spells:

 Spells                   Type           Power      Damage    Failure   Level
 Magic Dart               Conj           72%        1d6       2%          1
 Static Discharge         Conj/Air       11%        3-5/arc   10%         2
 Lightning Bolt           Conj/Air       5%         1d17      87%         5
 Maxwell's Capacitive Co  Air            1%         ∞         100%        8


Dungeon Overview and Level Annotations

Branches:
Dungeon (6/15)             Temple (1/1) D:5           Sewer (visited)

Altars:
Ashenzari
Dithmenos
Elyvilon
Fedhas
Gozag
Hepliaklqana
Kikubaaqudgha
Qazlal
Sif Muna
Trog
Uskayaw
Vehumet
Wu Jian


Innate Abilities, Weirdness & Mutations

You are immune to sickness and miasma.
Your stone body is resilient. (AC +5)
You are immune to poison.
You resist negative energy. (rN+)
You are resistant to electric shocks. (rElec)
You are resistant to unholy torment.
You are immune to petrification.


Message History

The gnoll sergeant hits you from afar with a +4 trident!
Unknown command.
Casting: Sandblast (safe; 1% risk of failure)
Confirm with . or Enter, or press ? or * to list all spells.
Aiming: Sandblast (safe; 1% risk of failure)
Press: ? - help, Shift-Dir - straight line, f/p - gnoll sergeant
Aim: a gnoll sergeant, wielding a +4 trident, wearing a +0 ring mail and wearing a +0 kite shield (90% to hit)
The blast of sand hits the gnoll sergeant but does no damage.
The gnoll sergeant hits you from afar with a +4 trident!
The gnoll sergeant hits you from afar with a +4 trident.
You see here a +0 leather armour.
There is a stone staircase leading down here.
The gnoll sergeant hits you from afar with a +4 trident!
* * * LOW HITPOINT WARNING * * *
You climb downwards.
The kobold shouts!
You hear a shout! x5
Found a stone staircase leading up.
There is a stone staircase leading up here.
Casting: Sandblast (safe; 1% risk of failure)
Confirm with . or Enter, or press ? or * to list all spells.
Aiming: Sandblast (safe; 1% risk of failure)
Press: ? - help, Shift-Dir - straight line, f - ice beast
Aim: an ice beast (84% to hit)
The blast of sand hits the ice beast!
The ice beast is severely wounded.
The kobold shouts!
A sky beast comes into view.
The ice beast closely misses you.
There is a stone staircase leading up here.
The ice beast closely misses you.
You climb upwards.
The gnoll shouts! x3
The gnoll closely misses you.
A gnoll comes into view. It is wielding a +0 spear.
There is a stone staircase leading down here.
The gnoll closely misses you. The ice beast hits you.
* * * LOW HITPOINT WARNING * * *
The ice beast freezes you. You resist.
You die...
Your body crumbles into a pile of gold.

*,,<,* *#.##########
*,,,,* #..#####..#
*,...* #........##
**#.#* #.####...### #g#
###.# ##.#...# #.#
#...###..###.#
#.###...gg.>......
####g$#.....######...
***********#..Y@$g...###
#...
*,,,,,,,,......g$###.#
#...
*,,,,,,,,......#.#*#.#
#...
*,,******......#..,..#
####
*,,*,,,,*......#######
########
*,,****,*..####*
#....... **,*,,,,*..*
#....... *,*,,,,*,,*
#....... *,**,,**,**
#.......


You could see an ice beast and 4 gnolls.

Vanquished Creatures
  A water moccasin (D:5)
  A black bear (D:5)
  2 phantoms
  A necrophage (D:5)
  An orc priest (D:5)
  3 hounds
  A jelly (D:5)
  An iguana (D:4)
  7 orc wizards
  Robin (D:2)
  8 gnolls (D:5)
  5 river rats
  16 adders
  6 worms
  8 dart slugs
  14 orcs
  9 endoplasms
  6 giant cockroaches
  17 goblins
  5 hobgoblins
  7 jackals
  3 quokkas
  12 ball pythons
  4 bats
  8 frilled lizards
  10 kobolds
  11 rats
168 creatures vanquished.

Vanquished Creatures (others)
  27 plants
27 creatures vanquished.

Grand Total: 195 creatures vanquished

Notes
Turn   | Place    | Note
-------+----------+-------------------------------------------
     0 | D:1      | Descartes the Gargoyle Earth Elementalist began the quest
                  | for the Orb.
     0 | D:1      | Reached XP level 1. HP: 10/10 MP: 3/3
   100 | D:1      | Reached XP level 2. HP: 14/16 MP: 0/5
   170 | D:1      | Reached skill level 1 in Transmutations
   170 | D:1      | Reached skill level 4 in Earth Magic
   578 | D:1      | Reached XP level 3. HP: 20/20 MP: 3/6
   730 | D:1      | Reached skill level 1 in Fighting
   785 | D:1      | Reached skill level 1 in Conjurations
  1124 | D:2      | Found a faded altar of an unknown god.
  1322 | D:2      | Noticed Robin
  1330 | D:2      | Killed Robin
  1331 | D:2      | Reached XP level 4. HP: 20/25 MP: 2/7
  2471 | D:3      | Reached skill level 5 in Earth Magic
  2471 | D:3      | Reached XP level 5. HP: 29/29 MP: 4/8
  2529 | D:3      | Identified the +6 dagger "Murmur" {vorpal, rF+ rC+ Stlth+}
  2609 | D:3      | Found a hazy altar of Hepliaklqana.
  2973 | D:3      | Reached XP level 6. HP: 35/35 MP: 4/10
  3918 | D:4      | Found a white marble altar of Elyvilon.
  4220 | D:4      | Reached skill level 6 in Earth Magic
  4294 | D:4      | Reached XP level 7. HP: 40/40 MP: 8/11
  4550 | D:5      | Entered Level 5 of the Dungeon
  4594 | D:5      | Found a staircase to the Ecumenical Temple.
  4601 | Temple   | Entered the Ecumenical Temple
  4655 | Temple   | Became a worshipper of Gozag Ym Sagoz the Greedy
  4698 | D:5      | Reached skill level 1 in Shields
  4747 | D:5      | Found a glowing drain.
  4761 | Sewer    | Entered a sewer
  4876 | Sewer    | Reached skill level 1 in Evocations
  5831 | D:5      | Reached XP level 8. HP: 26/46 MP: 11/13
  6041 | D:5      | Found a shimmering blue altar of Sif Muna.
  6062 | D:5      | Found an ancient bone altar of Kikubaaqudgha.
  6087 | D:5      | Found a radiant altar of Vehumet.
  6101 | D:5      | Reached skill level 7 in Earth Magic
  6109 | D:5      | Got Vehumet's Codex of Concussion
  6114 | D:5      | Learned a level 3 spell: Stone Arrow
  6117 | D:5      | Learned a level 2 spell: Passwall
  6122 | D:5      | Learned a level 4 spell: Petrify
  6418 | D:5      | Slain by an ice beast

Illustrated notes

Levels and vault maps discovered:
D:1:      lemuel_arrival_muddy, layout_rooms, minmay_misc_feat_cross,
          minmay_misc_feat_chi, hex_tiny
D:2:      layout_loops_ring, nicolae_ecumenical_lake_church, uniq_robin
D:3:      layout_loops_ring, nicolae_hepliaklqana_hazy_memory,
          kennysheep_generic_room_16
D:4:      layout_gridville, nicolae_elyvilon_temple_path
D:5:      layout_rooms, palyth_temple_overflow_mages, minmay_temple_entry_trees,
          lightli_sewer_entry_pipes, minmay_mini_ossuary
D:6:      layout_loops_ring, uniq_menkaure, uniq_sigmund, uniq_maggie
Temple:   hc_temple_tempest_star

Skill      XL: |  1  2  3  4  5  6  7  8 |
---------------+-------------------------+-----
Transmutations | 1 2 3 |  3.0
Earth Magic    | 4 5 6 7 |  7.3
Fighting       | 1 2 3 |  3.6
Conjurations   | 1 2 3 |  3.9
Spellcasting   | 3 |  3.8
Stealth        | 3 |  3.0
Shields        | 1 2 |  2.2
Evocations     | 1 |  1.7
Dodging        | |  1.5

Action                   |  1- 3 |  4- 6 |  7- 9 || total
-------------------------+-------+-------+-------++-------
Melee: Unarmed           |    21 |       |       ||    21
       Glaive            |     1 |    13 |       ||    14
       Dagger            |       |     6 |    32 ||    38
 Cast: Sandblast         |    46 |    96 |   110 ||   252
  Use: Scroll            |       |       |     8 ||     8
 Stab: Sleeping          |       |     2 |     1 ||     3
       Distracted        |       |       |     1 ||     1
Armor: Robe              |    24 |    12 |       ||    36
       Animal skin       |       |    11 |    27 ||    38
Dodge: Dodged            |    34 |    43 |    34 ||   111
